AoeStats
← bauti94_tome

Glade

503651612Analyzed
1v1 RM · 1mo ago on Sep 1, 2026· 18m 34s· 2 players
Game mode
Random Map
Map size
Tiny (2 player)
Population
200
Speed
Normal
Resources
Standard
Victory
Conquest
Starting age
Dark Age
Ending age
Imperial Age
RankedLock teamsTeams togetherTeam positionsShared explorationLock speedFull tech treeHidden civsTurbo modeCheats
Victory
Defeat
🇩🇪 Japanese · Germany
895
+16
🇪🇸 Celts · Spain
890
-16
bauti94_tome
7:12 Loom
9:52 Feudal Age
10:56 Double-Bit Axe
12:26 Man-at-Arms
14:39 Arson
16:22 Scale Mail Armor
18:25 Forging
Anti_Loom_Lobbyist
4:48 Loom
11:43 Feudal Age
12:49 Double-Bit Axe
14:20 Man-at-Arms
15:06 Arson
18:51 Wheelbarrow
Connection lost

Rejoining the realm…

Still unreachable

The connection could not be restored.

Session expired

The server has moved on; the page needs a fresh start.